 Dungeon Crawl Stone Soup version 0.28.0-62-gf88900778d (webtiles) character file.

Game seed: 3796998128232983551

312 jjjjhere the Ruffian (level 6, -1/53 HPs)
             Began as a Minotaur Transmuter on Aug 4, 2023.
             Slain by a water moccasin (3 damage)
             ... on level 3 of the Dungeon.
             The game lasted 00:03:48 (3243 turns).

jjjjhere the Ruffian (Minotaur Transmuter)          Turns: 3243, Time: 00:03:49

Health: -1/53      AC:  9    Str: 23    XL:     6   Next: 18%
Magic:  7/7        EV:  8    Int: 10    God:
Gold:   82         SH:  0    Dex: 10    Spells: 6/7 levels left

rFire   + . .      SeeInvis .     - Unarmed
rCold   . . .      Faith    .   (no shield)
rNeg    . . .      Spirit   .   k - +0 chain mail
rPois   .          Reflect  .   (helmet restricted)
rElec   .          Harm     .   q - +0 cloak
rCorr   .          Rampage  .   (no gloves)
Will    .....                   (no boots)
Stlth   ..........              (no amulet)
HPRegen 0.17/turn               m - ring of protection from fire
MPRegen 0.10/turn               o - +6 ring of strength

@: lethally poisoned (-1 -> -20)
A: horns 2, retaliatory headbutt
a: no special abilities


You were on level 3 of the Dungeon.
You visited 1 branch of the dungeon, and saw 6 of its levels.

You collected 82 gold pieces.

Inventory:

Armour
 k - a +0 chain mail (worn)
 q - a +0 cloak (worn)
Jewellery
 g - a ring of resist corrosion
 m - a ring of protection from fire (left hand)
 o - a +6 ring of strength (right hand)
Wands
 p - a wand of charming (4)
Scrolls
 b - 3 scrolls of identify {unknown}
 e - a scroll of immolation {unknown}
 i - a scroll of amnesia {unknown}
 j - 2 scrolls of enchant armour {unknown}
 n - a scroll of torment {unknown}
 r - a scroll of teleportation {unknown}
Potions
 a - 2 potions of brilliance {unknown}
 c - 2 potions of degeneration {unknown}
 d - 3 potions of curing {unknown}
 f - 2 potions of invisibility {unknown}
 h - a potion of attraction {unknown}
 l - 2 potions of magic {unknown}
 s - a potion of might {unknown}


   Skills:
 + Level 4.3 Fighting
 - Level 2.1 Dodging
 * Level 6.5 Unarmed Combat
 - Level 1.3 Spellcasting
 - Level 1.5 Transmutations


You had 6 spell levels left.
You knew the following spells:

 Your Spells              Type           Power      Damage    Failure   Level
a - Beastly Appendage     Tmut           6%         N/A       86%         1

Your spell library contained the following spells:

 Spells                   Type           Power      Damage    Failure   Level
 Wereblood                Tmut           3%         N/A       94%         2
 Animate Skeleton         Necr           0%         N/A       97%         1
 Apportation              Tloc           0%         N/A       97%         1
 Summon Small Mammal      Summ           0%         N/A       97%         1
 Spider Form              Tmut/Pois      2%         N/A       100%        3
 Ice Form                 Ice/Tmut       2%         N/A       100%        4
 Summon Forest            Summ/Tloc      0%         N/A       100%        5
 Summon Mana Viper        Hex/Summ       0%         N/A       100%        5
 Summon Cactus Giant      Summ           0%         N/A       100%        6


Dungeon Overview and Level Annotations

Branches:
Dungeon (6/15)
 Temple: D:4-7

Altars:

Shops:
D:1 [   D:6 !


Innate Abilities, Weirdness & Mutations

You have a pair of horns on your head.
You reflexively headbutt those who attack you in melee.


Message History

The water moccasin bites you but does no damage.
You barely miss the water moccasin.
The water moccasin is heavily wounded.
The water moccasin bites you.
You are poisoned.
The water moccasin poisons you!
You barely miss the water moccasin. You headbutt the water moccasin.
The water moccasin is heavily wounded.
You feel very sick. The water moccasin bites you.
You hit the water moccasin.
The water moccasin is severely wounded.
You feel sick. The water moccasin bites you.
You hit the water moccasin.
Your headbutt misses the water moccasin.
The water moccasin is severely wounded.
You feel sick. The water moccasin bites you. The water moccasin bites you!
You closely miss the water moccasin.
Your headbutt misses the water moccasin.
The water moccasin is severely wounded.
You feel sick. The water moccasin bites you.
You are more poisoned.
The water moccasin poisons you!
You barely miss the water moccasin. You headbutt the water moccasin.
The water moccasin is almost dead.
You feel very sick. The water moccasin barely misses you.
You hit the water moccasin.
Your headbutt misses the water moccasin.
The water moccasin is almost dead.
You feel sick. The water moccasin bites you!
* * * LOW HITPOINT WARNING * * *
You are more poisoned.
The water moccasin poisons you!
You barely miss the water moccasin.
The water moccasin is almost dead.
* * * LOW HITPOINT WARNING * * *
You feel very sick. The water moccasin bites you.
You die...

###.####.# #†# #.#
####.# #.# ........#
#.########
#.####..####.........
#..#..<....#####
#....#####.# #..#.#
.# #....#@# .
#.#.##S# ## # #. #.#
. #.. ## ... ####


You could see a water moccasin.

Vanquished Creatures
  A water moccasin (D:5)
  A howler monkey (D:3)
  A hound (D:3)
  5 adders
  A gnoll (D:3)
  A shadow imp (D:4)
  2 worms
  A dart slug (D:3)
  3 orcs
  5 endoplasms
  3 giant cockroaches
  8 goblins
  3 hobgoblins
  12 jackals (D:3)
  A kobold (D:1)
  2 quokkas (D:1)
  2 ball pythons (D:2)
  4 bats
  7 frilled lizards
  4 rats
67 creatures vanquished.

Vanquished Creatures (others)
  4 plants (D:2)
4 creatures vanquished.

Grand Total: 71 creatures vanquished

Notes
Turn   | Place    | Note
-------+----------+-------------------------------------------
     0 | D:1      | jjjjhere the Minotaur Transmuter began the quest for the
                  | Orb.
     0 | D:1      | Reached XP level 1. HP: 16/16 MP: 1/1
   489 | D:1      | Reached XP level 2. HP: 24/24 MP: 3/3
   560 | D:1      | Found Ypposmi's Armour Boutique.
   682 | D:1      | Reached skill level 4 in Unarmed Combat
   927 | D:2      | Reached XP level 3. HP: 10/29 MP: 4/4
   927 | D:2      | HP: 9/29 [poisoned by an adder]
   931 | D:1      | HP: 4/29 [poisoned by an adder]
  1427 | D:2      | Found a faded altar of an unknown god.
  2233 | D:3      | Noticed a water moccasin
  2478 | D:3      | Reached XP level 4. HP: 31/37 MP: 5/5
  2572 | D:3      | Reached skill level 5 in Unarmed Combat
  2667 | D:3      | Reached XP level 5. HP: 31/46 MP: 6/6
  2807 | D:3      | You fall into a shaft and drop 3 floors!
  2811 | D:6      | Found Cilit's Distillery.
  2818 | D:5      | Entered Level 5 of the Dungeon
  2842 | D:5      | Noticed a water moccasin
  2858 | D:5      | HP: 15/46 [poisoned by a water moccasin]
  2859 | D:5      | Killed a water moccasin
  2860 | D:5      | Reached skill level 6 in Unarmed Combat
  2860 | D:5      | Reached XP level 6. HP: 15/52 MP: 7/7
  2863 | D:5      | HP: 12/52 [poisoned by a water moccasin]
  3241 | D:3      | HP: 16/53 [poisoned by a water moccasin]
  3242 | D:3      | HP: 7/53 [water moccasin (7)]
  3243 | D:3      | HP: 2/53 [poisoned by a water moccasin]
  3243 | D:3      | Slain by a water moccasin

Illustrated notes

Levels and vault maps discovered:
D:1:      minmay_arrival_four_circles, layout_loops_ring, serial_shops,
          nicolae_shop_behind_doors, kennysheep_decorative_pillar
D:2:      layout_basic, shapermc_ecumenical_altar_notcrosses, corner_web_ring,
          guppyfry_early_lair_pool
D:3:      lemuel_castle_with_subvaults [lemuel_castle_interior_carwin_2],
          layout_loops_ring, tso_metal_star
D:4:      layout_basic, nicolae_uskayaw_suspiria, serial_shops,
          nicolae_shop_trees, kennysheep_generic_room_11
D:5:      layout_basic, grunt_dithmenos_shadows, serial_shops, shop_statue,
          due_unseen_surprise
D:6:      layout_cave_pools, mainiacjoe_overflow_catwalk,
          grunt_temple_overflow_open, temple_doors_e, serial_shops,
          nicolae_take_the_stairs, nicolae_shop_stone,
          hangedman_abyss_or_decor_jellyfish_corner

Skill      XL: |  1  2  3  4  5 |
---------------+----------------+-----
Fighting       | 2 3 4 |  4.3
Unarmed Combat | 4 5 6 |  6.5
Dodging        | |  2.1
Spellcasting   | |  1.3
Transmutations | |  1.5

Action                   |  1- 3 |  4- 6 || total
-------------------------+-------+-------++-------
Melee: Unarmed           |   105 |    94 ||   199
       Headbutt          |    13 |     5 ||    18
       Punch             |       |     1 ||     1
 Cast: Beastly Appendage |     1 |       ||     1
Armor: Ring mail         |    19 |       ||    19
       Robe              |     1 |       ||     1
       Chain mail        |    21 |    56 ||    77
Dodge: Dodged            |    38 |    36 ||    74
